 Dungeon Crawl Stone Soup version 0.29-a0-1027-gcd8c55af63 (webtiles) character file.

Game seed: 9539106042731161583

105 Locuples the Chopper (level 4, 0/40 HPs)
             Began as a Minotaur Berserker on Aug 12, 2022.
             Was a Follower of Wu Jian.
             Slain by a polar bear (4 damage)
             ... created by the rage of Trog
             ... on level 3 of the Dungeon.
             The game lasted 00:03:45 (2565 turns).

Locuples the Chopper (Minotaur Berserker)           Turns: 2565, Time: 00:03:45

Health: 0/40       AC:  6    Str: 23    XL:     4   Next: 53%
Magic:  3/3        EV: 11    Int:  4    God:    Wu Jian [*.....]
Gold:   189        SH:  0    Dex: 10    Spells: 3/3 levels left

rFire   . . .      SeeInvis .   a - +0 hand axe
rCold   . . .      Faith    .   (no shield)
rNeg    . . .      Spirit   .   d - +0 ring mail
rPois   .          Reflect  .   (helmet restricted)
rElec   .          Harm     .   (no cloak)
rCorr   .          Rampage  .   (no gloves)
Will    .....                   i - +0 pair of boots
Stlth   ..........              (no amulet)
HPRegen 0.13/turn               (no ring)
MPRegen 0.08/turn               (no ring)

@: no status effects
A: horns 2, retaliatory headbutt
a: Renounce Religion


You were on level 3 of the Dungeon.
You worshipped Wu Jian.
Wu Jian was aware of your devotion.
You visited 1 branch of the dungeon, and saw 3 of its levels.

You collected 189 gold pieces.

Inventory:

Hand Weapons
 a - a +0 hand axe (weapon)
Missiles
 m - a throwing net (quivered)
Armour
 d - a +0 ring mail (worn)
 i - a +0 pair of boots (worn)
Jewellery
 h - a ring of ice
 j - an amulet of guardian spirit
 p - an amulet of faith
Scrolls
 b - 3 scrolls of amnesia {unknown}
 e - 3 scrolls of identify {unknown}
 f - 2 scrolls of immolation {unknown}
 k - a scroll of torment {unknown}
 l - a scroll of enchant armour {unknown}
 n - a scroll of fog {unknown}
 o - a scroll of summoning {unknown}
 q - a scroll of vulnerability {unknown}
Potions
 c - 3 potions of curing {unknown}
 g - a potion of flight {unknown}


   Skills:
 + Level 4.2 Fighting
 * Level 5.4 Axes
 + Level 3.2 Armour
 + Level 2.7 Dodging


You had 3 spell levels left.
You didn't know any spells.
Your spell library contained the following spells:

 Spells                   Type           Power      Damage    Failure   Level
 Sandblast                Erth           0%         2d4       65%         1
 Passwall                 Tmut/Erth      0%         N/A       80%         2
 Sublimation of Blood     Necr           0%         N/A       80%         2
 Wereblood                Tmut           0%         N/A       80%         2
 Stone Arrow              Conj/Erth      0%         3d7       95%         3
 Summon Hydra             Summ           0%         N/A       100%        7


Dungeon Overview and Level Annotations

Branches:
Dungeon (3/15)

Altars:
Dithmenos
Wu Jian

Shops:
D:3 :


Innate Abilities, Weirdness & Mutations

You have a pair of horns on your head.
You reflexively headbutt those who attack you in melee.


Message History

Key pressed, stopping explore.
You see here a ball python corpse.
Found a ring mail.
There is a large open door here.
You see here a hobgoblin skeleton.
You open the door.
There is an open door here.
You feel yourself speed up.
q - a scroll labelled JIUCUJ PAKUVOARGH
Found an escape hatch in the ceiling.
There is an escape hatch in the ceiling here.
A ball python comes into view.
The ball python hisses angrily.
A ball python is nearby!
You closely miss the ball python. You headbutt the ball python.
You kill the ball python!
The Council accepts your kill.
Trog sends monsters to punish you. 2 black bears and 3 polar bears come into view.
You start putting on your amulet.
You continue putting on your amulet of guardian spirit. x2
The polar bear bites you.
Keep equipping yourself? [Y]es or [N]o only, please.
Keep equipping yourself?
The polar bear claws you but does no damage. x2
The polar bear bites you!!
Ouch! That really hurt!
The polar bear completely misses you.
The polar bear claws you but does no damage.
You continue putting on your amulet of guardian spirit.
The polar bear barely misses you. You furiously retaliate!
You headbutt the polar bear.
The polar bear claws you but does no damage. x2
The black bear bites you!
* * * LOW HITPOINT WARNING * * *
The black bear claws you.
* * * LOW HITPOINT WARNING * * *
The black bear closely misses you. The polar bear bites you.
You die...

## .# .# .#
######## .#######
#....hh# .......#
#.####@#
..####.####.####h##
..##............hh.
#.##.#.####.####...
#.##.#.# #.# #..#.
#......# #.. ...#.#
<......# #### ##.#
# #....#.# ..
#.####.####


You could see 3 polar bears and 2 black bears.

Vanquished Creatures
  3 gnolls (D:2)
  An adder (D:2)
  A worm (D:3)
  4 orcs (D:3)
  6 endoplasms
  6 goblins
  5 hobgoblins
  5 jackals (D:1)
  A quokka (D:3)
  6 ball pythons
  4 bats (D:1)
  2 frilled lizards
  3 kobolds
  9 rats
56 creatures vanquished.

Notes
Turn   | Place    | Note
-------+----------+-------------------------------------------
     0 | D:1      | Locuples the Minotaur Berserker began the quest for the
                  | Orb.
     0 | D:1      | Reached XP level 1. HP: 19/19 MP: 0/0
   207 | D:1      | Reached skill level 4 in Axes
   217 | D:1      | Reached XP level 2. HP: 10/27 MP: 1/1
  1303 | D:2      | Reached XP level 3. HP: 33/33 MP: 2/2
  1309 | D:2      | Reached ** piety under Trog
  1400 | D:2      | Found a shadowy altar of Dithmenos.
  1475 | D:2      | Found a faded altar of an unknown god.
  1478 | D:2      | Prayed at the altar of an unknown god.
  1478 | D:2      | Fell from the grace of Trog
  1478 | D:2      | Became a worshipper of the Wu Jian Council
  1478 | D:2      | Reached * piety under Wu Jian
  1763 | D:2      | Reached skill level 5 in Axes
  1765 | D:2      | Reached XP level 4. HP: 3/40 MP: 3/3
  2093 | D:3      | Found Ticke's Book Boutique.
  2563 | D:3      | Noticed a polar bear
  2563 | D:3      | Noticed a polar bear
  2563 | D:3      | Noticed a black bear
  2563 | D:3      | Noticed a black bear
  2563 | D:3      | Noticed a polar bear
  2565 | D:3      | Slain by a polar bear

Illustrated notes

Levels and vault maps discovered:
D:1:      spicycebolla_arrival_transporter_tutorial, layout_basic
D:2:      layout_rooms, hellmonk_ecumenical_altar_inner_sanctum, basic_altar
D:3:      layout_loops_cross, serial_shops, shop, grunt_decor_arrowhead

Skill      XL: |  1  2  3 |
---------------+----------+-----
Axes           | 4 5 |  5.4
Fighting       | 4 |  4.2
Armour         | 3 |  3.2
Dodging        | |  2.7

Action                   |  1- 3 |  4- 6 || total
-------------------------+-------+-------++-------
Melee: Hand axe          |    87 |    29 ||   116
       Headbutt          |     8 |     5 ||    13
Invok: Berserk           |     1 |       ||     1
       Lunge             |     6 |     1 ||     7
       Whirlwind         |       |     3 ||     3
Armor: Animal skin       |     3 |       ||     3
       Ring mail         |    25 |     9 ||    34
Dodge: Dodged            |    66 |     9 ||    75

Table legend: (Time is in decaauts)
 A = Elapsed time spent in this place.
 B = Non-inter-level travel time spent in this place.
 C = Inter-level travel time spent in this place.
 D = Time resting spent in this place.
 E = Time spent auto-exploring this place.
 F = Levels seen in this place.
 G = Mean time per level.
                   A        B        C        D        E       F      G
               +--------+--------+--------+--------+--------+-----+--------+
         Total |   2668 |   2641 |     27 |    278 |   1875 |   3 |  889.3 |
       Dungeon |   2668 |   2641 |     27 |    278 |   1875 |   3 |  889.3 |
               +--------+--------+--------+--------+--------+-----+--------+

Top non-repeatable levels by time:
     D:1: 1288 daAuts
     D:2: 826 daAuts
     D:3: 554 daAuts
